 Dungeon Crawl Stone Soup version 0.26.0-15-gc6cd9f7 (webtiles) character file.

Game seed: 15090527668761086872

748 brinewave the Skirmisher (level 7, -7/66 HPs)
             Began as a Minotaur Monk on Jan 24, 2021.
             Was a Priest of Qazlal.
             Mangled by an ice beast (11 damage)
             ... on level 6 of the Dungeon.
             The game lasted 00:16:01 (4594 turns).

brinewave the Skirmisher (Minotaur Monk)            Turns: 4594, Time: 00:16:02

Health: -7/66      AC:  5    Str: 15    XL:     7   Next: 48%
Magic:  6/6        EV: 13    Int:  7    God:    Qazlal [***...]
Gold:   227        SH:  8    Dex: 15    Spells: 6/6 levels left

rFire    . . .     SeeInvis .   a - +0 falchion
rCold    . . .     Faith    .   (no shield)
rNeg     . . .     Spirit   .   b - +0 robe
rPois    .         Reflect  +   (helmet restricted)
rElec    .         Harm     .   s - +1 cloak
rCorr    .         Rampage  .   j - +0 pair of gloves
Will     .....                  (no boots)
Stlth    +.........             d - amulet of reflection
HPRegen  0.21/turn              k - ring of wizardry
MPRegen  0.10/turn              (no ring)

@: about to teleport
A: retaliatory headbutt, horns 2
a: Renounce Religion, Upheaval, Elemental Force


You were on level 6 of the Dungeon.
You worshipped Qazlal.
Qazlal was most pleased with you.
You visited 1 branch of the dungeon, and saw 6 of its levels.

You collected 227 gold pieces.

Inventory:

Hand Weapons
 a - a +0 falchion (weapon)
 n - a +0 hunting sling
Missiles
 c - 6 boomerangs
 f - 54 poisoned darts (quivered)
 h - 75 bolts
 r - 65 arrows
 u - 12 javelins
Armour
 b - a +0 robe (worn)
 j - a +0 pair of gloves (worn)
 o - a +0 ring mail
 s - a +1 cloak (worn)
 t - a +4 scale mail
Jewellery
 d - an amulet of reflection (around neck)
 k - a ring of wizardry (left hand)
Wands
 m - a wand of digging (5)
 x - a wand of random effects (14)
Scrolls
 i - a scroll of amnesia
 y - 2 scrolls of remove curse
Potions
 e - 3 potions of lignification
 g - 3 potions of curing
 l - 2 potions of ambrosia
 p - a potion of degeneration {unknown}
 v - a potion of flight
 w - a potion of cancellation {unknown}
 z - a potion of experience {unknown}
 A - a potion of magic {unknown}


   Skills:
 + Level 7.2 Fighting
 + Level 7.2 Long Blades
 + Level 4.3 Armour
 - Level 3.2 Dodging
 - Level 1.5 Stealth


You had 6 spell levels left.
You didn't know any spells.
Your spell library was empty.

Dungeon Overview and Level Annotations

Branches:
Dungeon (6/15)
 Temple: D:4-7

Altars:
Kikubaaqudgha
Qazlal
Ru
Vehumet

Shops:
D:6 *

Annotations:
D:5 Sigmund


Innate Abilities, Weirdness & Mutations

You reflexively headbutt those who attack you in melee.
You have a pair of horns on your head.


Message History

* * * LOW HITPOINT WARNING * * *
The ice beast hits you but does no damage.
Okay, then.
Okay, then.
As you read the scroll of teleportation, it crumbles to dust.
You feel strangely unstable. The gnoll barely misses you.
You furiously retaliate!
You headbutt the gnoll. The gnoll closely misses you.
The ice beast barely misses you.
You slash the ice beast!
The ice beast is severely wounded.
You block the gnoll's attack. The gnoll hits you but does no damage.
You block the ice beast's attack.
You hit the ice beast.
The ice beast is severely wounded.
The gnoll hits you with a +0 flail.
* * * LOW HITPOINT WARNING * * *
The gnoll misses you. The ice beast hits you.
* * * LOW HITPOINT WARNING * * *
The ice beast freezes you!
You die...

..#......#
........#
#......#
#......#
#......#
#......#
#.....<#
#...gg##
..Y.#.gY@#
.....##∩###
#... #.#
#.. #.# ♣..
#.# #. #.


You could see an ice beast and 3 gnolls.

Vanquished Creatures
  A sky beast (D:5)
  A scorpion (D:4)
  A hound (D:4)
  An orc priest (D:3)
  2 bullfrog skeletons
  Ijyb (D:3)
  A gnoll shaman (D:4)
  2 iguanas
  An orc wizard (D:4)
  2 worker ants
  Terence (D:2)
  A howler monkey zombie (D:4)
  9 gnolls
  8 adders
  4 oozes
  3 worms (D:2)
  3 dart slugs (D:2)
  3 leopard geckos
  9 orcs
  2 ball pythons
  5 giant cockroaches
  7 goblins
  5 hobgoblins
  9 jackals
  2 quokkas
  7 bats
  2 frilled lizards
  7 kobolds
  4 rats
104 creatures vanquished.

Vanquished Creatures (others)
  3 plants (D:3)
3 creatures vanquished.

Grand Total: 107 creatures vanquished

Notes
Turn   | Place    | Note
-------+----------+-------------------------------------------
     0 | D:1      | brinewave the Minotaur Monk began the quest for the Orb.
     0 | D:1      | Reached XP level 1. HP: 19/19 MP: 0/0
   602 | D:1      | Reached XP level 2. HP: 24/27 MP: 1/1
  1060 | D:2      | Reached XP level 3. HP: 34/34 MP: 2/2
  1117 | D:2      | Reached XP level 4. HP: 34/41 MP: 3/3
  1128 | D:2      | Reached skill level 5 in Long Blades
  1188 | D:2      | Reached skill level 5 in Fighting
  1733 | D:2      | Noticed Terence
  1742 | D:2      | Killed Terence
  1743 | D:2      | Reached XP level 5. HP: 48/48 MP: 4/4
  2036 | D:2      | Found an ancient bone altar of Kikubaaqudgha.
  2037 | D:2      | Found a stormy altar of Qazlal.
  2043 | D:2      | Became a worshipper of Qazlal Stormbringer
  2043 | D:2      | Reached * piety under Qazlal
  2043 | D:2      | Reached ** piety under Qazlal
  2301 | D:3      | Reached skill level 1 in Armour
  2629 | D:3      | Found a sacrificial altar of Ru.
  3310 | D:4      | Reached XP level 6. HP: 57/57 MP: 5/5
  3368 | D:4      | Noticed Ijyb
  3495 | D:3      | Killed Ijyb
  4140 | D:4      | Reached XP level 7. HP: 64/64 MP: 6/6
  4149 | D:4      | Found a radiant altar of Vehumet.
  4440 | D:5      | Entered Level 5 of the Dungeon
  4538 | D:5      | Noticed Sigmund
  4573 | D:6      | Found Uruvew's Assorted Antiques.
  4580 | D:6      | Reached *** piety under Qazlal
  4594 | D:6      | Mangled by an ice beast

Illustrated notes

Levels and vault maps discovered:
D:1:      dpeg_arrival_boxorama, layout_basic, hangedman_decor_growths,
          minmay_unequal
D:2:      layout_basic, gammafunk_temple_overflow_pools, uniq_terence
D:3:      cheibrodos_old_hovel, layout_basic, overflow_temple_1_default,
          chequers_serial_rivers_micro_b
D:4:      layout_cave_pods, vehumet_crystals, grunt_ministairs_6, uniq_ijyb
D:5:      layout_cave_pods, minivault_26, uniq_sigmund, uniq_prince_ribbit1
D:6:      layout_basic, elyvilon_altar_3, marbit_many_paths,
          kennysheep_mini_moat, minmay_temple_entry_waves, serial_shops, shop,
          uniq_crazy_yiuf_cottage

Skill      XL: |  1  2  3  4  5  6  7 |
---------------+----------------------+-----
Fighting       | 4 5 6 7 |  7.2
Long Blades    | 4 5 6 7 |  7.2
Armour         | 2 3 4 |  4.3
Dodging        | |  3.2
Stealth        | |  1.5

Action                   |  1- 3 |  4- 6 |  7- 9 || total
-------------------------+-------+-------+-------++-------
Melee: Falchion          |    57 |   193 |    52 ||   302
       Headbutt          |    10 |    37 |    15 ||    62
Throw: Dart              |       |     8 |       ||     8
       Boomerang         |       |     8 |       ||     8
  Use: Scroll            |     5 |     6 |     1 ||    12
 Stab: Sleeping          |     1 |       |       ||     1
Armor: Robe              |    15 |    36 |     9 ||    60
Dodge: Dodged            |    43 |   116 |    25 ||   184
Block: Other             |       |    37 |    18 ||    55
       Reflection        |       |       |     1 ||     1
       Rpst.: Falchion   |    10 |    34 |     8 ||    52
